AoeStats
← El bayano

Hideout

509248315Analyzed
1v1 RM · 7d ago on Sep 26, 2026· 31m 39s· 2 players
Game mode
Random Map
Map size
Tiny (2 player)
Population
200
Speed
Normal
Resources
Standard
Victory
Conquest
Starting age
Dark Age
Ending age
Imperial Age
RankedLock teamsTeams togetherTeam positionsShared explorationLock speedFull tech treeHidden civsTurbo modeCheats
Victory
Defeat
🇺🇾 Franks · Uruguay
1515
+20
🇦🇷 Danes · Argentina
1606
-20
El bayano
11:33 Feudal Age
11:41 Man-at-Arms
16:25 Castle Age
15:45 Arson
17:50 Double-Bit Axe
18:34 Loom
25:30 Town Watch
31:22 Imperial Age
31:58 Scale Mail Armor
Jhoonas
9:56 Feudal Age
9:51 Loom
18:20 Castle Age
17:26 Double-Bit Axe
17:22 Horse Collar
22:16 Scale Mail Armor
22:52 Fletching
26:34 Wheelbarrow
28:23 Hand Cart
29:15 Bodkin Arrow
Connection lost

Rejoining the realm…

Still unreachable

The connection could not be restored.

Session expired

The server has moved on; the page needs a fresh start.